 Dungeon Crawl Stone Soup version 0.18-a0-739-gdae9da8 (console) character file.

139 bli the Sneak (level 5, -9/32 HPs)
             Began as a Gargoyle Wanderer on Dec 10, 2015.
             Mangled by an ogre
             ... wielding a +0 giant club
              (14 damage)
             ... on level 3 of the Dungeon.
             The game lasted 00:08:28 (2884 turns).

bli the Sneak (Gargoyle Wanderer)                   Turns: 2884, Time: 00:08:28

Health: -9/32      AC:  8    Str: 17    XL:     5   Next: 22%
Magic:  5/5        EV: 12    Int: 12    God:
Gold:   121        SH:  0    Dex:  9    Spells: 0 memorised, 4 levels left

rFire  . . .     SeeInvis .     b - +0 quarterstaff
rCold  . . .     Clarity  .     u - +0 leather armour
rNeg   + . .     SustAt   +     (shield currently unavailable)
rPois  ∞         Gourm    .     (no helmet)
rElec  +         Spirit   .     m - +0 cloak
rCorr  .         Dismiss  .     (no gloves)
rMut   .         Stasis   +     (no boots)
MR     .....                    w - amulet of stasis
Stlth  +++.......               g - ring of teleportation (curse)
                                r - ring of sustain attributes

@: not resistant to hostile enchantments, fairly stealthy
A: negative energy resistance 1, electricity resistance, unbreathing,
petrification resistance, rot immunity, AC +4
a: Evoke Teleportation


You were on level 3 of the Dungeon.
You were not hungry.

You visited 1 branch of the dungeon, and saw 3 of its levels.

You collected 121 gold pieces.

Inventory:

Hand Weapons
 a - a +2 dagger
 b - a +0 quarterstaff (weapon)
Missiles
 p - 77 stones
 s - 4 steel tomahawks (quivered)
Armour
 e - a +0 robe
 m - a +0 cloak (worn)
 u - a +0 leather armour (worn)
Magical Staves
 t - an uncursed staff of conjuration
Jewellery
 g - a cursed ring of teleportation (right hand)
 r - a ring of sustain attributes (left hand)
 w - an amulet of stasis (around neck)
 x - an uncursed ring of positive energy {unknown}
Scrolls
 c - 2 scrolls of recharging {unknown}
 d - 3 scrolls of teleportation
 j - a scroll of fear {unknown}
 k - 2 scrolls of remove curse {unknown}
 n - a scroll of fog {unknown}
 o - 3 scrolls of identify {unknown}
 v - a scroll of random uselessness {unknown}
 y - a scroll of magic mapping {unknown}
Potions
 h - a potion of lignification {unknown}
 i - 5 potions of curing {unknown}
 q - 3 potions of poison {unknown}
 z - a potion of haste {unknown}
Comestibles
 f - 4 bread rations
 l - a meat ration


   Skills:
 * Level 2.8 Fighting
 + Level 1.3 Staves
 + Level 1.0 Armour
 + Level 3.0 Dodging
 + Level 6.4 Stealth


You had 4 spell levels left.
You didn't know any spells.

Dungeon Overview and Level Annotations

Branches:
Dungeon (3/15)

Altars:
Fedhas
Gozag
Makhleb


Innate Abilities, Weirdness & Mutations

You are resistant to torment.
Your stone body is resilient (AC +4).
You are immune to poison.
You resist negative energy.
You are resistant to electric shocks.
You can survive without breathing.
You are immune to petrification.
You are immune to rotting.


Message History

The ogre shouts!
Unknown command.
Unknown command.
b - a +0 quarterstaff (weapon)
A rat comes into view.
The ogre barely misses you.
You hit the ogre.
The ogre is lightly wounded.
The ogre hits you with a giant club!
You sock the ogre!
The ogre is heavily wounded.
The giant cockroach misses you. The ogre hits you with a giant club!
* * * LOW HITPOINT WARNING * * *
You hit the ogre.
The ogre is severely wounded.
The giant cockroach barely misses you. The ogre hits you with a giant club!
You die...

♣♣.......♣
♣...._...
♣........
.%..%%. ......
♣...♣ ♣♣.Os♣♣
##♣♣♣♣♣..r@.♣♣
#......##.#>.#
#......##....#
#...[.)....#.#
#......#####.#
#....>.# #.#
#......# #.#
#...O..# #.#
#.#..### #.#
#.#..# ##.#
####...## #..#


You could see an ogre, a giant cockroach and a rat.

Vanquished Creatures
  An orc priest (D:3)
  3 adders
  A worm (D:3)
  6 giant geckos
  5 orcs
  8 bats
  3 giant cockroaches
  5 hobgoblins
  12 jackals
  7 kobolds
  A quokka (D:2)
  4 giant newts
  3 goblins
  7 rats
66 creatures vanquished.

Notes
Turn   | Place    | Note
--------------------------------------------------------------
     0 | D:1      | bli the Gargoyle Wanderer began the quest for the Orb.
     0 | D:1      | bli set off with: a +2 dagger, a potion of heal wounds, a +0 quarterstaff, a scroll of teleportation, a +0 robe, a bread ration
     0 | D:1      | Reached XP level 1. HP: 12/12 MP: 1/1
    95 | D:1      | Reached XP level 2. HP: 2/18 MP: 2/2
   769 | D:1      | Reached skill level 6 in Stealth
   991 | D:2      | Reached XP level 3. HP: 15/22 MP: 3/3
  1539 | D:2      | Reached XP level 4. HP: 19/27 MP: 4/4
  1584 | D:2      | Found an opulent altar of Gozag.
  1679 | D:2      | Found a burning altar of Makhleb.
  2473 | D:3      | Reached XP level 5. HP: 30/32 MP: 5/5
  2684 | D:3      | Noticed an ogre
  2857 | D:3      | Reached skill level 1 in Armour
  2878 | D:3      | Found a blossoming altar of Fedhas.
  2884 | D:3      | Mangled by an ogre

Vault maps used:
D:1:      dpeg_arrival_short_road
D:2:      overflow_temple_1_default, nicolae_overflow_hidden_temple, first_bread
D:3:      lemuel_coloured_pillars_altar, fedhas_altar_fruit_tree,
          kennysheep_generic_room_10

Action                   |  1- 3 |  4- 6 || total
-------------------------+-------+-------++-------
Melee: Quarterstaff      |    90 |    72 ||   162
       Dagger            |    60 |    81 ||   141
       Staff             |     1 |       ||     1
  Use: Potion            |       |     1 ||     1
 Stab: Sleeping          |     8 |     3 ||    11
  Eat: Chunk             |     1 |     6 ||     7
